 Dungeon Crawl Stone Soup version 0.27-a0-1184-ge86db4a01e (webtiles) character file.

Game seed: 14850940575910411226

56 karrick the Grave Robber (level 3, 0/28 HPs)
             Began as a Deep Elf Necromancer on May 19, 2021.
             Succumbed to a scorpion's poison
             ... on level 3 of the Dungeon.
             The game lasted 00:17:05 (3294 turns).

karrick the Grave Robber (Deep Elf Necromancer)     Turns: 3294, Time: 00:17:06

Health: 0/28       AC:  3    Str:  6    XL:     3   Next: 71%
Magic:  7/10       EV: 12    Int: 19    God:
Gold:   66         SH:  0    Dex: 15    Spells: 7/9 levels left

rFire    . . .     SeeInvis .   l - +2 dagger (flame)
rCold    . . .     Faith    .   (no shield)
rNeg     . . .     Spirit   .   a - +0 robe
rPois    .         Reflect  .   (no helmet)
rElec    .         Harm     .   (no cloak)
rCorr    .         Rampage  .   (no gloves)
Will     .....                  k - +0 pair of boots
Stlth    ..........             (no amulet)
HPRegen  0.09/turn              (no ring)
MPRegen  0.12/turn              (no ring)

@: berserking, lethally poisoned (0 -> -4), attractive, very quick
A: no striking features
a: no special abilities


You were on level 3 of the Dungeon.
You visited 1 branch of the dungeon, and saw 3 of its levels.

You collected 66 gold pieces.

Inventory:

Hand Weapons
 b - a +0 short sword
 l - a +2 dagger of flaming (weapon)
Armour
 a - a +0 robe (worn)
 k - a +0 pair of boots (worn)
Jewellery
 c - a +4 ring of evasion
Scrolls
 e - a scroll of vulnerability {unknown}
 f - a scroll of torment {unknown}
 g - a scroll of identify {unknown}
 n - a scroll of acquirement {unknown}
Potions
 h - a potion of curing {unknown}
 i - a potion of haste {unknown}
 j - 3 potions of attraction
 m - a potion of brilliance {unknown}


   Skills:
 + Level 0.1 Fighting
 + Level 0.5 Short Blades
 + Level 2.5 Dodging
 + Level 3.0 Stealth
 + Level 3.9 Spellcasting
 + Level 5.6 Necromancy


You had 7 spell levels left.
You knew the following spells:

 Your Spells              Type           Power      Damage    Failure   Level
a - Pain                  Necr           100%       1d9       1%          1
b - Animate Skeleton      Necr           50%        N/A       1%          1

Your spell library contained the following spells:

 Spells                   Type           Power      Damage    Failure   Level
 Vampiric Draining        Necr           12%        2d7       4%          3
 Animate Dead             Necr           12%        N/A       14%         4
 Agony                    Necr           25%        N/A       36%         5


Dungeon Overview and Level Annotations

Branches:
Dungeon (3/15)

Altars:

Annotations:
D:2 Sigmund


Message History

Confirm with . or Enter, or press ? or * to list all spells.
Aiming: Pain (safe; 1% risk of failure)
Press: ? - help, Shift-Dir - straight line, f/p - scorpion
Aim: a scorpion (lightly wounded, chance to affect: 84%)
The scorpion writhes in agony.
Casting: Pain (safe; 1% risk of failure)
Confirm with . or Enter, or press ? or * to list all spells.
Aiming: Pain (safe; 1% risk of failure)
Press: ? - help, Shift-Dir - straight line, f/p - scorpion
Aim: a scorpion (lightly wounded, chance to affect: 84%)
The scorpion barely resists.
The scorpion misses you.
Casting: Pain (safe; 1% risk of failure)
Confirm with . or Enter, or press ? or * to list all spells.
Aiming: Pain (safe; 1% risk of failure)
Press: ? - help, Shift-Dir - straight line, f/p - scorpion
Aim: a scorpion (lightly wounded, chance to affect: 84%)
The scorpion writhes in agony.
The scorpion stings you.
You are lethally poisoned!
The scorpion poisons you!
You feel very sick.
* * * LOW HITPOINT WARNING * * *
You feel sick. The scorpion closely misses you.
It was a potion of attraction.
You feel attractive to monsters.
* * * LOW HITPOINT WARNING * * *
You feel sick.
The scorpion stings you but does no damage.
It was a potion of berserk rage.
A red film seems to cover your vision as you go berserk!
You feel yourself moving faster!
You feel mighty!
* * * LOW HITPOINT WARNING * * *
You feel sick. The scorpion barely misses you.
You are too berserk!
You hit the scorpion. You burn the scorpion.
The scorpion is severely wounded.
* * * LOW HITPOINT WARNING * * *
You feel sick. The scorpion barely misses you.
You barely miss the scorpion.
The scorpion is severely wounded.
You die...

############
#..>...s@..#
#.########.# .########.#
#######
........#.######.....###
.######.................
###.#..........###
#.#.####....)### #.#.#
#.....##. ###)#.#
###.####.


You could see a scorpion.

Vanquished Creatures
  2 dart slugs (D:1)
  5 orcs (D:3)
  4 bats
  4 endoplasms
  4 giant cockroaches
  4 goblins
  4 hobgoblins
  5 kobolds
  2 ball pythons
  7 frilled lizards
  3 rats
44 creatures vanquished.

Notes
Turn   | Place    | Note
-------+----------+-------------------------------------------
     0 | D:1      | karrick the Deep Elf Necromancer began the quest for the
                  | Orb.
     0 | D:1      | Reached XP level 1. HP: 10/10 MP: 6/6
   153 | D:1      | Reached skill level 5 in Necromancy
   251 | D:1      | Found a faded altar of an unknown god.
   401 | D:1      | Reached XP level 2. HP: 10/15 MP: 8/8
  1641 | D:2      | Noticed Sigmund
  1773 | D:2      | Reached XP level 3. HP: 11/19 MP: 7/10
  2087 | D:2      | Learned a level 1 spell: Animate Skeleton
  2328 | D:3      | Noticed a scorpion
  3293 | D:3      | HP: 1/28 [poisoned by a scorpion]
  3294 | D:3      | Succumbed to a scorpion's poison

Illustrated notes

Levels and vault maps discovered:
D:1:      lordsloth_arrival_two_stooges, layout_rooms,
          hellmonk_ecumenical_altar_heavens_door, roderic_lattice_a
D:2:      layout_rooms, uniq_sigmund
D:3:      layout_loops_ring

Skill      XL: |  1  2  3 |
---------------+----------+-----
Necromancy     | 5 |  5.6
Stealth        | 3 |  3.0
Fighting       | |  0.1
Short Blades   | |  0.5
Dodging        | |  2.5
Spellcasting   | |  3.9

Action                   || total
-------------------------++-------
Melee: Short sword       ||    32
       Dagger            ||     8
 Cast: Pain              ||    61
       Animate Skeleton  ||     2
  Use: Potion            ||     2
 Stab: Sleeping          ||     4
Armor: Robe              ||     9
Dodge: Dodged            ||    34

Table legend: (Time is in decaauts)
 A = Elapsed time spent in this place.
 B = Non-inter-level travel time spent in this place.
 C = Inter-level travel time spent in this place.
 D = Time resting spent in this place.
 E = Time spent auto-exploring this place.
 F = Levels seen in this place.
 G = Mean time per level.
                   A        B        C        D        E       F      G
               +--------+--------+--------+--------+--------+-----+--------+
         Total |   3297 |   3240 |     57 |    637 |   2082 |   3 | 1099.0 |
       Dungeon |   3297 |   3240 |     57 |    637 |   2082 |   3 | 1099.0 |
               +--------+--------+--------+--------+--------+-----+--------+

Top non-repeatable levels by time:
     D:1: 1675 daAuts
     D:3: 968 daAuts
     D:2: 652 daAuts
